Connexion

ARIZONA Coyotes vs BUFFALO Sabres

Created - 7 janvier 2024 at 08:25

Goals
1 2 3 T
ARIZONA Coyotes 1 1 0 2
BUFFALO Sabres 1 2 1 4
Shots
1 2 3 T
ARIZONA Coyotes 11 9 11 31
BUFFALO Sabres 8 9 15 32

GoalsPenalties
1st period
1. BUFFALO Sabres , Conor Sheary 24 (Ryan Johansen 36, Robby Fabbri 24) at 7:40
2. ARIZONA Coyotes , Victor Olofsson 17 (Vince Dunn 34, Nazem Kadri 35) at 18:33 (PP)
Ivan Barbashev (BUF) for Cross-checking (Minor) at 18:16
Ivan Barbashev (BUF) for Cross-checking (Minor) at 18:34
2nd period
3. BUFFALO Sabres , Ivan Barbashev 8 (Joel Farabee 11, Nelson Nogier 22) at 9:37
4. BUFFALO Sabres , Sam Gagner 21 (Mikhail Grigorenko 25, Ethan Prow 1) at 11:32
5. ARIZONA Coyotes , Nazem Kadri 23 (Matthew Tkachuk 33, Braden Schneider 18) at 13:52
Timothy Liljegren (BUF) for Tripping (Minor) at 4:48
Dougie Hamilton (ARI) for High sticking (Minor) at 16:36
3rd period
6. BUFFALO Sabres , Joe Hicketts 4 (Ethan Prow 2, Brandon Saad 18) at 19:33 (Empty Net)
Dougie Hamilton (ARI) for Hooking (Minor) at 5:52
Michael Del Zotto (BUF) for Tripping (Minor) at 9:50
Dougie Hamilton (ARI) for High sticking (Minor) at 17:13
Goalie Stats
Jaroslav Halak (ARI), 28 saves from 31 shots - (0,903), L, 5-7-2, 59:46 minutes
Michael Hutchinson (BUF), 29 saves from 31 shots - (0,935), W, 9-9-1, 60:00 minutes
3 StarsOfficial
1 - Joe Hicketts (BUF)
2 - Sam Gagner (BUF)
3 - Ethan Prow (BUF)
Referees : Steve Kozari and Kelly Sutherland
Linesman : Lonnie Cameron and David Brisebois
Game Note
Joe Hicketts has scored in a empty net!
Finance
Level 1 -- Attendance: 3749 (62,48%) -- Ticket Income $656,075
Level 2 -- Attendance: 5103 (89,68%) -- Ticket Income $454,167
Level 3 -- Attendance: 1269 (63,45%) -- Ticket Income $86,292
Level 4 -- Attendance: 4000 (100,00%) -- Ticket Income $144,000
Luxury Box -- Attendance: 1000 (100,00%) -- Ticket Income $259,000
Game was played at the HSBC Arena.
Total Attendance: 15121 (80,90%)
Total Ticket Income: $1,599,534
Other Income: $319,907
Total Income: $1,919,441



Team Name Goals Shots Shots Attemp Shots Blocked PIM HIT PP PK FO%
ARIZONA Coyotes 2315366191 / 4 (25%)053%
BUFFALO Sabres 4325568350 / 3 (0%)147%

ARIZONA Coyotes
Player Name POS G A P +/- PIM HIT SHT SB MP PP MP PP SHT PK MP PK SHT FO% FOT
Braden SchneiderD011-1020013:310:0001:3400% 0
Brayden PointC/RW000-1023020:193:3401:21040% 20
Brock NelsonC000-2002010:270:0000:00056% 16
Carl HagelinLW/RW000000107:350:0000:4200% 0
Dillon DubeC/LW/RW000-1010010:060:0000:0000% 1
Dougie HamiltonD000-1613221:522:2710:0000% 0
Justin AbdelkaderC/LW000000006:530:0000:0000% 0
Klim KostinC000001006:590:0000:06071% 7
Madison BoweyD0000010022:412:2703:5400% 0
Matt BoldyLW/RW0000003017:432:4010:0000% 0
Matthew TkachukLW/RW011-1037122:543:3413:5400% 3
Nazem KadriC/LW/RW112-1006022:002:4013:54064% 22
Sean DurziD000-2020022:163:4701:4400% 0
Sonny MilanoLW/RW000-2000010:270:0000:0000% 0
Timo MeierLW/RW000-1032021:033:3402:03080% 5
Tucker PoolmanD0000000115:260:0003:0200% 0
Victor OlofssonLW/RW1010003017:432:4010:00033% 3
Vince DunnD011-2031224:053:4701:3400% 0
BUFFALO Sabres
Player Name POS G A P +/- PIM HIT SHT SB MP PP MP PP SHT PK MP PK SHT FO% FOT
Anton BlidhLW000001006:070:0000:0000% 1
Brandon SaadLW/RW0112040020:052:4102:0300% 1
Conor ShearyLW/RW1011013015:423:1600:0000% 0
Eetu LuostarinenC000001006:070:0000:00025% 4
Ethan ProwD0222022016:060:0001:4300% 0
Hampus LindholmD0000014223:252:4523:0300% 0
Ivan BarbashevC/LW/RW1011421014:140:0000:00050% 14
Jesper BoqvistC/LW000000000:000:0000:0000% 0
Joe HickettsD1012022114:240:0000:0000% 0
Joel FarabeeLW0110005114:270:3200:0000% 0
Michael Del ZottoD0001220121:123:1202:1200% 0
Mikhail GrigorenkoC/LW/RW0111022019:442:4112:0300% 3
Nelson NogierD0111021122:333:1203:3200% 0
Robby FabbriC/LW0111047021:142:4100:00067% 3
Ryan JohansenC0111000019:533:1604:11061% 31
Sam GagnerC/LW/RW1011042021:552:4404:11037% 19
Timothy LiljegrenD0000232022:182:4501:5800% 0
Warren FoegeleLW/RW0001041014:160:0000:0000% 1



Play-by-Play

1st period


0:01 of 1st period - Ryan Johansen wins face-off versus Nazem Kadri in neutral zone.
0:01 of 1st period - Timothy Liljegren is hit by Timo Meier and loses puck.
0:32 of 1st period - Shot by Timo Meier.
0:32 of 1st period - Deflect By Nazem Kadri.
0:32 of 1st period - Shot Misses the Net.
2:00 of 1st period - Shot by Ivan Barbashev.
2:00 of 1st period - Deflect By Joel Farabee.
2:00 of 1st period - Stopped by Jaroslav Halak without a rebound.
2:01 of 1st period - Brock Nelson wins face-off versus Eetu Luostarinen in ARIZONA Coyotes zone.
2:01 of 1st period - Brock Nelson is hit by Anton Blidh.
2:22 of 1st period - Icing by Tucker Poolman.
2:23 of 1st period - Ivan Barbashev wins face-off versus Brock Nelson in ARIZONA Coyotes zone.
2:23 of 1st period - Ivan Barbashev is hit by Braden Schneider.
2:29 of 1st period - Shot by Joe Hicketts.
2:29 of 1st period - Stopped by Jaroslav Halak without a rebound.
2:30 of 1st period - Ivan Barbashev wins face-off versus Klim Kostin in ARIZONA Coyotes zone.
2:30 of 1st period - Ivan Barbashev is hit by Vince Dunn.
2:49 of 1st period - Klim Kostin is hit by Nelson Nogier and loses puck.
3:32 of 1st period - Shot by Victor Olofsson.
3:32 of 1st period - Stopped by Michael Hutchinson without a rebound.
3:33 of 1st period - Ryan Johansen wins face-off versus Brock Nelson in BUFFALO Sabres zone.
3:51 of 1st period - Icing by Ethan Prow.
3:52 of 1st period - Ryan Johansen wins face-off versus Brayden Point in BUFFALO Sabres zone.
4:02 of 1st period - Brayden Point is hit by Joe Hicketts.
5:05 of 1st period - Brandon Saad is hit by Vince Dunn and loses puck.
5:15 of 1st period - Dougie Hamilton is hit by Timothy Liljegren and loses puck.
5:40 of 1st period - Hampus Lindholm is hit by Dillon Dube and loses puck.
6:26 of 1st period - Madison Bowey is hit by Brandon Saad and loses puck.
6:40 of 1st period - Dougie Hamilton is hit by Ivan Barbashev and loses puck.
7:09 of 1st period - Shot by Matt Boldy.
7:09 of 1st period - Shot Misses the Net.
7:12 of 1st period - Icing by Michael Del Zotto.
7:13 of 1st period - Nazem Kadri wins face-off versus Ivan Barbashev in BUFFALO Sabres zone.
7:14 of 1st period - Shot by Matthew Tkachuk.
7:14 of 1st period - Stopped by Michael Hutchinson without a rebound.
7:15 of 1st period - Ryan Johansen wins face-off versus Matthew Tkachuk in BUFFALO Sabres zone.
7:38 of 1st period - Shot by Conor Sheary.
7:38 of 1st period - Shot Misses the Net.
7:40 of 1st period - Shot by Ryan Johansen.
7:40 of 1st period - Deflect By Conor Sheary.
7:40 of 1st period - Goal by Conor Sheary - ARIZONA Coyotes : 0 - BUFFALO Sabres : 1.
7:41 of 1st period - Brayden Point wins face-off versus Ivan Barbashev in neutral zone.
8:06 of 1st period - Brayden Point is hit by Warren Foegele and loses puck.
8:49 of 1st period - Shot by Eetu Luostarinen.
8:49 of 1st period - Deflect By Robby Fabbri.
8:49 of 1st period - Shot Misses the Net.
8:59 of 1st period - Shot by Eetu Luostarinen.
8:59 of 1st period - Deflect By Robby Fabbri.
8:59 of 1st period - Stopped by Jaroslav Halak without a rebound.
9:00 of 1st period - Brock Nelson wins face-off versus Sam Gagner in ARIZONA Coyotes zone.
9:00 of 1st period - Brock Nelson is hit by Mikhail Grigorenko.
9:07 of 1st period - Icing by Hampus Lindholm.
9:08 of 1st period - Brock Nelson wins face-off versus Brandon Saad in BUFFALO Sabres zone.
9:50 of 1st period - Icing by Dougie Hamilton.
9:51 of 1st period - Ryan Johansen wins face-off versus Brock Nelson in ARIZONA Coyotes zone.
9:58 of 1st period - Shot by Robby Fabbri.
9:58 of 1st period - Stopped by Jaroslav Halak with a rebound.
10:40 of 1st period - Shot by Sean Durzi.
10:40 of 1st period - Shot Misses the Net.
11:00 of 1st period - Shot by Nazem Kadri.
11:00 of 1st period - Stopped by Michael Hutchinson without a rebound.
11:01 of 1st period - Victor Olofsson wins face-off versus Sam Gagner in BUFFALO Sabres zone.
11:02 of 1st period - Shot by Brayden Point.
11:02 of 1st period - Stopped by Michael Hutchinson without a rebound.
11:03 of 1st period - Sam Gagner wins face-off versus Brayden Point in BUFFALO Sabres zone.
11:18 of 1st period - Shot by Brayden Point.
11:18 of 1st period - Shot Blocked by Hampus Lindholm.
11:20 of 1st period - Shot by Braden Schneider.
11:20 of 1st period - Shot Blocked by Hampus Lindholm.
11:31 of 1st period - Off-side.
11:32 of 1st period - Nazem Kadri wins face-off versus Ivan Barbashev in neutral zone.
11:50 of 1st period - Icing by Ethan Prow.
11:51 of 1st period - Ivan Barbashev wins face-off versus Brayden Point in BUFFALO Sabres zone.
12:16 of 1st period - Shot by Sean Durzi.
12:16 of 1st period - Shot Blocked by Joel Farabee.
12:28 of 1st period - Icing by Matt Boldy.
12:29 of 1st period - Ryan Johansen wins face-off versus Brayden Point in ARIZONA Coyotes zone.
12:32 of 1st period - Shot by Conor Sheary.
12:32 of 1st period - Shot Misses the Net.
12:42 of 1st period - Shot by Brayden Point.
12:42 of 1st period - Stopped by Michael Hutchinson without a rebound.
12:43 of 1st period - Nazem Kadri wins face-off versus Sam Gagner in BUFFALO Sabres zone.
13:00 of 1st period - Shot by Matthew Tkachuk.
13:00 of 1st period - Stopped by Michael Hutchinson without a rebound.
13:01 of 1st period - Ryan Johansen wins face-off versus Klim Kostin in BUFFALO Sabres zone.
13:01 of 1st period - Ryan Johansen is hit by Klim Kostin.
13:16 of 1st period - Shot by Hampus Lindholm.
13:16 of 1st period - Stopped by Jaroslav Halak with a rebound.
13:18 of 1st period - Shot by Timothy Liljegren.
13:18 of 1st period - Stopped by Jaroslav Halak without a rebound.
13:19 of 1st period - Sam Gagner wins face-off versus Nazem Kadri in ARIZONA Coyotes zone.
13:19 of 1st period - Sam Gagner is hit by Madison Bowey.
13:28 of 1st period - Icing by Matthew Tkachuk.
13:29 of 1st period - Nazem Kadri wins face-off versus Ryan Johansen in ARIZONA Coyotes zone.
13:52 of 1st period - Shot by Matthew Tkachuk.
13:52 of 1st period - Shot Misses the Net.
13:56 of 1st period - Shot by Nazem Kadri.
13:56 of 1st period - Stopped by Michael Hutchinson without a rebound.
13:57 of 1st period - Brayden Point wins face-off versus Mikhail Grigorenko in BUFFALO Sabres zone.
14:17 of 1st period - Shot by Matt Boldy.
14:17 of 1st period - Stopped by Michael Hutchinson with a rebound.
14:22 of 1st period - Nelson Nogier is hit by Sean Durzi and loses puck.
15:14 of 1st period - Ryan Johansen is hit by Matthew Tkachuk and loses puck.
15:27 of 1st period - Shot by Nazem Kadri.
15:27 of 1st period - Stopped by Michael Hutchinson without a rebound.
15:28 of 1st period - Ivan Barbashev wins face-off versus Brock Nelson in BUFFALO Sabres zone.
15:39 of 1st period - Shot by Ivan Barbashev.
15:39 of 1st period - Shot Misses the Net.
15:51 of 1st period - Shot by Joel Farabee.
15:51 of 1st period - Stopped by Jaroslav Halak without a rebound.
15:52 of 1st period - Klim Kostin wins face-off versus Sam Gagner in ARIZONA Coyotes zone.
16:37 of 1st period - Dougie Hamilton is hit by Sam Gagner and loses puck.
17:03 of 1st period - Madison Bowey is hit by Timothy Liljegren and loses puck.
17:33 of 1st period - Vince Dunn is hit by Timothy Liljegren and loses puck.
17:40 of 1st period - Vince Dunn is hit by Eetu Luostarinen.
18:04 of 1st period - Sean Durzi is hit by Ethan Prow and loses puck.
18:16 of 1st period - Minor Penalty to Ivan Barbashev for Cross-checking.
18:17 of 1st period - Ryan Johansen wins face-off versus Nazem Kadri in BUFFALO Sabres zone.
18:31 of 1st period - Shot by Vince Dunn.
18:31 of 1st period - Shot Blocked by Michael Del Zotto.
18:33 of 1st period - Shot by Victor Olofsson.
18:33 of 1st period - Goal by Victor Olofsson - ARIZONA Coyotes : 1 - BUFFALO Sabres : 1.
18:34 of 1st period - Brock Nelson wins face-off versus Ivan Barbashev in neutral zone.
18:34 of 1st period - Minor Penalty to Ivan Barbashev for Cross-checking.
18:35 of 1st period - Ryan Johansen wins face-off versus Brayden Point in BUFFALO Sabres zone.
19:34 of 1st period - Shot by Vince Dunn.
19:34 of 1st period - Shot Misses the Net.
19:36 of 1st period - Shot by Nazem Kadri.
19:36 of 1st period - The goal is going for a video replay.
19:36 of 1st period - The goal is refused.
19:37 of 1st period - Brayden Point wins face-off versus Ryan Johansen in BUFFALO Sabres zone.
Goals for this period are 1 for ARIZONA Coyotes vs 1 for BUFFALO Sabres.
Shots for this period are 11 for ARIZONA Coyotes vs 8 for BUFFALO Sabres.

2nd period


0:01 of 2nd period - Ryan Johansen wins face-off versus Brayden Point in neutral zone.
0:16 of 2nd period - Off-side.
0:17 of 2nd period - Nazem Kadri wins face-off versus Ryan Johansen in neutral zone.
0:28 of 2nd period - Shot by Vince Dunn.
0:28 of 2nd period - Shot Misses the Net.
0:49 of 2nd period - Shot by Brock Nelson.
0:49 of 2nd period - Stopped by Michael Hutchinson without a rebound.
0:50 of 2nd period - Nazem Kadri wins face-off versus Ivan Barbashev in BUFFALO Sabres zone.
3:10 of 2nd period - Shot by Brock Nelson.
3:10 of 2nd period - Stopped by Michael Hutchinson without a rebound.
3:11 of 2nd period - Sam Gagner wins face-off versus Nazem Kadri in BUFFALO Sabres zone.
3:11 of 2nd period - Sam Gagner is hit by Matthew Tkachuk.
3:28 of 2nd period - Icing by Ethan Prow.
3:29 of 2nd period - Klim Kostin wins face-off versus Sam Gagner in BUFFALO Sabres zone.
3:29 of 2nd period - Dougie Hamilton is hit by Joe Hicketts and loses puck.
3:32 of 2nd period - Shot by Vince Dunn.
3:32 of 2nd period - Shot Misses the Net.
3:34 of 2nd period - Shot by Dougie Hamilton.
3:34 of 2nd period - Stopped by Michael Hutchinson without a rebound.
3:35 of 2nd period - Eetu Luostarinen wins face-off versus Brayden Point in BUFFALO Sabres zone.
3:35 of 2nd period - Eetu Luostarinen is hit by Brayden Point.
3:49 of 2nd period - Shot by Robby Fabbri.
3:49 of 2nd period - Shot Blocked by Dougie Hamilton.
3:51 of 2nd period - Shot by Ethan Prow.
3:51 of 2nd period - Shot Misses the Net.
3:53 of 2nd period - Shot by Eetu Luostarinen.
3:53 of 2nd period - Deflect By Robby Fabbri.
3:53 of 2nd period - Stopped by Jaroslav Halak without a rebound.
3:54 of 2nd period - Sam Gagner wins face-off versus Nazem Kadri in ARIZONA Coyotes zone.
4:23 of 2nd period - Shot by Nazem Kadri.
4:23 of 2nd period - Shot Misses the Net.
4:27 of 2nd period - Shot by Nazem Kadri.
4:27 of 2nd period - Stopped by Michael Hutchinson without a rebound.
4:28 of 2nd period - Ryan Johansen wins face-off versus Brayden Point in BUFFALO Sabres zone.
4:41 of 2nd period - Shot by Conor Sheary.
4:41 of 2nd period - Shot Misses the Net.
4:48 of 2nd period - Minor Penalty to Timothy Liljegren for Tripping.
4:49 of 2nd period - Ryan Johansen wins face-off versus Brayden Point in BUFFALO Sabres zone.
4:49 of 2nd period - Ryan Johansen is hit by Matthew Tkachuk.
5:18 of 2nd period - Off-side.
5:19 of 2nd period - Nazem Kadri wins face-off versus Ryan Johansen in neutral zone.
5:46 of 2nd period - Shot by Matt Boldy.
5:46 of 2nd period - Stopped by Michael Hutchinson without a rebound.
5:47 of 2nd period - Brayden Point wins face-off versus Sam Gagner in BUFFALO Sabres zone.
5:50 of 2nd period - Shot by Matthew Tkachuk.
5:50 of 2nd period - Stopped by Michael Hutchinson without a rebound.
5:51 of 2nd period - Brayden Point wins face-off versus Ryan Johansen in BUFFALO Sabres zone.
5:57 of 2nd period - Matthew Tkachuk is hit by Michael Del Zotto and loses puck.
7:18 of 2nd period - Shot by Timothy Liljegren.
7:18 of 2nd period - Shot Misses the Net.
8:31 of 2nd period - Braden Schneider is hit by Brandon Saad and loses puck.
8:38 of 2nd period - Tucker Poolman is hit by Mikhail Grigorenko.
9:04 of 2nd period - Sean Durzi is hit by Sam Gagner and loses puck.
9:23 of 2nd period - Nazem Kadri is hit by Nelson Nogier and loses puck.
9:37 of 2nd period - Shot by Joel Farabee.
9:37 of 2nd period - Deflect By Ivan Barbashev.
9:37 of 2nd period - Goal by Ivan Barbashev - ARIZONA Coyotes : 1 - BUFFALO Sabres : 2.
9:38 of 2nd period - Ryan Johansen wins face-off versus Brayden Point in neutral zone.
10:15 of 2nd period - Shot by Victor Olofsson.
10:15 of 2nd period - Shot Misses the Net.
10:20 of 2nd period - Victor Olofsson is hit by Hampus Lindholm and loses puck.
10:38 of 2nd period - Off-side.
10:39 of 2nd period - Ivan Barbashev wins face-off versus Timo Meier in neutral zone.
10:52 of 2nd period - Shot by Joel Farabee.
10:52 of 2nd period - Shot Misses the Net.
11:14 of 2nd period - Shot by Timo Meier.
11:14 of 2nd period - Deflect By Matthew Tkachuk.
11:14 of 2nd period - Stopped by Michael Hutchinson without a rebound.
11:15 of 2nd period - Sam Gagner wins face-off versus Dillon Dube in BUFFALO Sabres zone.
11:32 of 2nd period - Shot by Sam Gagner.
11:32 of 2nd period - Goal by Sam Gagner - ARIZONA Coyotes : 1 - BUFFALO Sabres : 3.
11:33 of 2nd period - Klim Kostin wins face-off versus Ryan Johansen in neutral zone.
11:44 of 2nd period - Justin Abdelkader is hit by Robby Fabbri and loses puck.
12:42 of 2nd period - Shot by Timo Meier.
12:42 of 2nd period - Stopped by Michael Hutchinson without a rebound.
12:43 of 2nd period - Sam Gagner wins face-off versus Victor Olofsson in BUFFALO Sabres zone.
13:04 of 2nd period - Shot by Matt Boldy.
13:04 of 2nd period - Shot Misses the Net.
13:11 of 2nd period - Timothy Liljegren is hit by Brayden Point and loses puck.
13:35 of 2nd period - Hampus Lindholm is hit by Braden Schneider and loses puck.
13:52 of 2nd period - Shot by Matthew Tkachuk.
13:52 of 2nd period - Deflect By Nazem Kadri.
13:52 of 2nd period - Goal by Nazem Kadri - ARIZONA Coyotes : 2 - BUFFALO Sabres : 3.
13:53 of 2nd period - Ivan Barbashev wins face-off versus Brock Nelson in neutral zone.
13:56 of 2nd period - Dillon Dube is hit by Ivan Barbashev and loses puck.
14:13 of 2nd period - Shot by Joel Farabee.
14:13 of 2nd period - Stopped by Jaroslav Halak without a rebound.
14:14 of 2nd period - Timo Meier wins face-off versus Anton Blidh in ARIZONA Coyotes zone.
14:19 of 2nd period - Eetu Luostarinen is hit by Timo Meier and loses puck.
14:32 of 2nd period - Shot by Robby Fabbri.
14:32 of 2nd period - Shot Misses the Net.
14:34 of 2nd period - Shot by Nelson Nogier.
14:34 of 2nd period - Stopped by Jaroslav Halak with a rebound.
14:48 of 2nd period - Icing by Nelson Nogier.
14:49 of 2nd period - Brayden Point wins face-off versus Eetu Luostarinen in BUFFALO Sabres zone.
16:33 of 2nd period - Shot by Warren Foegele.
16:33 of 2nd period - Stopped by Jaroslav Halak without a rebound.
16:34 of 2nd period - Nazem Kadri wins face-off versus Robby Fabbri in ARIZONA Coyotes zone.
16:34 of 2nd period - Madison Bowey is hit by Robby Fabbri and loses puck.
16:36 of 2nd period - Minor Penalty to Dougie Hamilton for High sticking.
16:37 of 2nd period - Nazem Kadri wins face-off versus Ryan Johansen in ARIZONA Coyotes zone.
17:32 of 2nd period - Shot by Hampus Lindholm.
17:32 of 2nd period - Stopped by Jaroslav Halak without a rebound.
17:33 of 2nd period - Robby Fabbri wins face-off versus Matthew Tkachuk in ARIZONA Coyotes zone.
17:46 of 2nd period - Shot by Hampus Lindholm.
17:46 of 2nd period - Stopped by Jaroslav Halak with a rebound.
18:04 of 2nd period - Shot by Mikhail Grigorenko.
18:04 of 2nd period - Stopped by Jaroslav Halak without a rebound.
18:05 of 2nd period - Timo Meier wins face-off versus Ryan Johansen in ARIZONA Coyotes zone.
18:48 of 2nd period - Shot by Brock Nelson.
18:48 of 2nd period - Shot Blocked by Joe Hicketts.
Goals for this period are 1 for ARIZONA Coyotes vs 2 for BUFFALO Sabres.
Shots for this period are 9 for ARIZONA Coyotes vs 9 for BUFFALO Sabres.

3rd period


0:01 of 3rd period - Nazem Kadri wins face-off versus Ryan Johansen in neutral zone.
0:57 of 3rd period - Nelson Nogier is hit by Timo Meier and loses puck.
1:19 of 3rd period - Shot by Brayden Point.
1:19 of 3rd period - Stopped by Michael Hutchinson with a rebound.
1:31 of 3rd period - Shot by Mikhail Grigorenko.
1:31 of 3rd period - Shot Misses the Net.
2:09 of 3rd period - Shot by Ethan Prow.
2:09 of 3rd period - Shot Blocked by Vince Dunn.
2:11 of 3rd period - Shot by Ethan Prow.
2:11 of 3rd period - Stopped by Jaroslav Halak with a rebound.
2:13 of 3rd period - Shot by Warren Foegele.
2:13 of 3rd period - Shot Blocked by Vince Dunn.
2:18 of 3rd period - Joel Farabee is hit by Vince Dunn.
2:36 of 3rd period - Shot by Robby Fabbri.
2:36 of 3rd period - Stopped by Jaroslav Halak without a rebound.
2:37 of 3rd period - Brock Nelson wins face-off versus Ryan Johansen in ARIZONA Coyotes zone.
2:55 of 3rd period - Off-side.
2:56 of 3rd period - Timo Meier wins face-off versus Mikhail Grigorenko in neutral zone.
2:56 of 3rd period - Timo Meier is hit by Sam Gagner.
3:16 of 3rd period - Shot by Mikhail Grigorenko.
3:16 of 3rd period - Stopped by Jaroslav Halak with a rebound.
3:18 of 3rd period - Shot by Mikhail Grigorenko.
3:18 of 3rd period - Shot Misses the Net.
3:32 of 3rd period - Shot by Dougie Hamilton.
3:32 of 3rd period - Shot Misses the Net.
3:51 of 3rd period - Off-side.
3:52 of 3rd period - Ryan Johansen wins face-off versus Brock Nelson in neutral zone.
4:11 of 3rd period - Shot by Conor Sheary.
4:11 of 3rd period - Shot Misses the Net.
4:13 of 3rd period - Shot by Conor Sheary.
4:13 of 3rd period - Stopped by Jaroslav Halak without a rebound.
4:14 of 3rd period - Klim Kostin wins face-off versus Ivan Barbashev in ARIZONA Coyotes zone.
4:14 of 3rd period - Vince Dunn is hit by Warren Foegele and loses puck.
4:39 of 3rd period - Ivan Barbashev is hit by Sean Durzi and loses puck.
4:45 of 3rd period - Klim Kostin is hit by Warren Foegele and loses puck.
5:11 of 3rd period - Brayden Point is hit by Conor Sheary and loses puck.
5:40 of 3rd period - Shot by Victor Olofsson.
5:40 of 3rd period - Stopped by Michael Hutchinson without a rebound.
5:41 of 3rd period - Nazem Kadri wins face-off versus Sam Gagner in BUFFALO Sabres zone.
5:41 of 3rd period - Dougie Hamilton is hit by Michael Del Zotto.
5:52 of 3rd period - Minor Penalty to Dougie Hamilton for Hooking.
5:53 of 3rd period - Robby Fabbri wins face-off versus Nazem Kadri in ARIZONA Coyotes zone.
6:10 of 3rd period - Shot by Robby Fabbri.
6:10 of 3rd period - Shot Misses the Net.
6:20 of 3rd period - Shot by Robby Fabbri.
6:20 of 3rd period - Deflect By Mikhail Grigorenko.
6:20 of 3rd period - Shot Blocked by Matthew Tkachuk.
6:53 of 3rd period - Vince Dunn is hit by Sam Gagner and loses puck.
7:55 of 3rd period - Icing by Vince Dunn.
7:56 of 3rd period - Brock Nelson wins face-off versus Warren Foegele in ARIZONA Coyotes zone.
7:56 of 3rd period - Brock Nelson is hit by Warren Foegele.
8:05 of 3rd period - Icing by Joe Hicketts.
8:06 of 3rd period - Ivan Barbashev wins face-off versus Victor Olofsson in BUFFALO Sabres zone.
8:25 of 3rd period - Shot by Ivan Barbashev.
8:25 of 3rd period - Shot Blocked by Tucker Poolman.
8:29 of 3rd period - Shot by Joel Farabee.
8:29 of 3rd period - Shot Misses the Net.
8:31 of 3rd period - Shot by Ivan Barbashev.
8:31 of 3rd period - Shot Misses the Net.
8:37 of 3rd period - Shot by Joel Farabee.
8:37 of 3rd period - Stopped by Jaroslav Halak with a rebound.
8:39 of 3rd period - Shot by Ethan Prow.
8:39 of 3rd period - Stopped by Jaroslav Halak without a rebound.
8:40 of 3rd period - Nazem Kadri wins face-off versus Sam Gagner in ARIZONA Coyotes zone.
9:03 of 3rd period - Shot by Sam Gagner.
9:03 of 3rd period - Stopped by Jaroslav Halak without a rebound.
9:04 of 3rd period - Brock Nelson wins face-off versus Ryan Johansen in ARIZONA Coyotes zone.
9:04 of 3rd period - Brock Nelson is hit by Robby Fabbri.
9:07 of 3rd period - Icing by Dillon Dube.
9:08 of 3rd period - Ryan Johansen wins face-off versus Brock Nelson in ARIZONA Coyotes zone.
9:19 of 3rd period - Shot by Robby Fabbri.
9:19 of 3rd period - Stopped by Jaroslav Halak without a rebound.
9:20 of 3rd period - Timo Meier wins face-off versus Sam Gagner in ARIZONA Coyotes zone.
9:27 of 3rd period - Shot by Matthew Tkachuk.
9:27 of 3rd period - Stopped by Michael Hutchinson with a rebound.
9:29 of 3rd period - Shot by Vince Dunn.
9:29 of 3rd period - Stopped by Michael Hutchinson with a rebound.
9:31 of 3rd period - Shot by Matthew Tkachuk.
9:31 of 3rd period - Stopped by Michael Hutchinson without a rebound.
9:32 of 3rd period - Ryan Johansen wins face-off versus Brayden Point in BUFFALO Sabres zone.
9:37 of 3rd period - Shot by Conor Sheary.
9:37 of 3rd period - Stopped by Jaroslav Halak with a rebound.
9:49 of 3rd period - Shot by Matt Boldy.
9:49 of 3rd period - Stopped by Michael Hutchinson with a rebound.
9:50 of 3rd period - Minor Penalty to Michael Del Zotto for Tripping.
9:51 of 3rd period - Brayden Point wins face-off versus Ryan Johansen in BUFFALO Sabres zone.
11:03 of 3rd period - Icing by Dougie Hamilton.
11:04 of 3rd period - Nazem Kadri wins face-off versus Mikhail Grigorenko in ARIZONA Coyotes zone.
11:18 of 3rd period - Icing by Dougie Hamilton.
11:19 of 3rd period - Sam Gagner wins face-off versus Nazem Kadri in ARIZONA Coyotes zone.
11:45 of 3rd period - Shot by Dougie Hamilton.
11:45 of 3rd period - Stopped by Michael Hutchinson with a rebound.
13:02 of 3rd period - Shot by Carl Hagelin.
13:02 of 3rd period - Shot Misses the Net.
13:04 of 3rd period - Shot by Carl Hagelin.
13:04 of 3rd period - Stopped by Michael Hutchinson with a rebound.
13:22 of 3rd period - Shot by Carl Hagelin.
13:22 of 3rd period - Shot Blocked by Nelson Nogier.
13:58 of 3rd period - Shot by Matthew Tkachuk.
13:58 of 3rd period - Shot Misses the Net.
14:12 of 3rd period - Shot by Matthew Tkachuk.
14:12 of 3rd period - Shot Misses the Net.
14:14 of 3rd period - Shot by Matthew Tkachuk.
14:14 of 3rd period - Stopped by Michael Hutchinson with a rebound.
14:16 of 3rd period - Shot by Dougie Hamilton.
14:16 of 3rd period - Stopped by Michael Hutchinson without a rebound.
14:17 of 3rd period - Ryan Johansen wins face-off versus Brayden Point in BUFFALO Sabres zone.
14:33 of 3rd period - Shot by Hampus Lindholm.
14:33 of 3rd period - Stopped by Jaroslav Halak without a rebound.
14:34 of 3rd period - Brock Nelson wins face-off versus Sam Gagner in ARIZONA Coyotes zone.
15:02 of 3rd period - Icing by Ethan Prow.
15:03 of 3rd period - Nazem Kadri wins face-off versus Sam Gagner in BUFFALO Sabres zone.
15:03 of 3rd period - Nazem Kadri is hit by Ethan Prow.
15:20 of 3rd period - Shot by Timo Meier.
15:20 of 3rd period - Stopped by Michael Hutchinson with a rebound.
15:28 of 3rd period - Madison Bowey is hit by Brandon Saad and loses puck.
15:47 of 3rd period - Matthew Tkachuk is hit by Brandon Saad and loses puck.
15:59 of 3rd period - Icing by Sam Gagner.
16:00 of 3rd period - Brayden Point wins face-off versus Sam Gagner in BUFFALO Sabres zone.
16:41 of 3rd period - Shot by Timothy Liljegren.
16:41 of 3rd period - Stopped by Jaroslav Halak without a rebound.
16:42 of 3rd period - Brock Nelson wins face-off versus Ivan Barbashev in ARIZONA Coyotes zone.
16:49 of 3rd period - Shot by Braden Schneider.
16:49 of 3rd period - Shot Misses the Net.
17:03 of 3rd period - Shot by Joel Farabee.
17:03 of 3rd period - Stopped by Jaroslav Halak without a rebound.
17:04 of 3rd period - Ryan Johansen wins face-off versus Nazem Kadri in ARIZONA Coyotes zone.
17:04 of 3rd period - Ryan Johansen is hit by Dougie Hamilton.
17:08 of 3rd period - Shot by Robby Fabbri.
17:08 of 3rd period - Stopped by Jaroslav Halak with a rebound.
17:12 of 3rd period - Shot by Robby Fabbri.
17:12 of 3rd period - Stopped by Jaroslav Halak with a rebound.
17:13 of 3rd period - Minor Penalty to Dougie Hamilton for High sticking.
17:14 of 3rd period - Ryan Johansen wins face-off versus Matthew Tkachuk in ARIZONA Coyotes zone.
18:23 of 3rd period - Shot by Robby Fabbri.
18:23 of 3rd period - Shot Misses the Net.
18:35 of 3rd period - Matthew Tkachuk is hit by Robby Fabbri and loses puck.
19:09 of 3rd period - Shot by Ryan Johansen.
19:09 of 3rd period - Shot Misses the Net.
19:19 of 3rd period - ARIZONA Coyotes , Jaroslav Halak is pulled from the net.
19:19 of 3rd period - Shot by Brayden Point.
19:19 of 3rd period - Shot Misses the Net.
19:31 of 3rd period - Shot by Ethan Prow.
19:31 of 3rd period - Shot Blocked by Dougie Hamilton.
19:33 of 3rd period - Shot by Joe Hicketts.
19:33 of 3rd period - Goal by Joe Hicketts - ARIZONA Coyotes : 2 - BUFFALO Sabres : 4.
19:33 of 3rd period - Jaroslav Halak from ARIZONA Coyotes was sent back in the game.
19:34 of 3rd period - Klim Kostin wins face-off versus Eetu Luostarinen in neutral zone.
Goals for this period are 0 for ARIZONA Coyotes vs 1 for BUFFALO Sabres.
Shots for this period are 11 for ARIZONA Coyotes vs 15 for BUFFALO Sabres.